 Dungeon Crawl Stone Soup version 0.31-a0-180-g519b7de00c (webtiles) character file.

Game seed: 17600206121687873424

164 qw the Chopper (level 5, 0/32 HPs)
             Began as a Gargoyle Fighter on June 19, 2023.
             Slain by an orc
             ... wielding a +0 hand axe
              (3 damage)
             ... on level 3 of the Dungeon.
             The game lasted 00:00:49 (1686 turns).

qw the Chopper (Gargoyle Fighter)                   Turns: 1686, Time: 00:00:50

Health: 0/32       AC: 10    Str: 22    XL:     5   Next: 45%
Magic:  5/5        EV:  9    Int:  8    God:
Gold:   118        SH:  4    Dex:  9    Spells: 4/4 levels left

rFire   . . .        Y - +2 war axe (elec)
rCold   . . .        c - +0 buckler
rNeg    + . .        b - +0 scale mail
rPois   inf          (no helmet)
rElec   +            (no cloak)
rCorr   .            (no gloves)
SInv    .            (no boots)
Will    .....        (no amulet) Stlth
                     (no ring)
HPRegen 0.25/turn    (no ring)
MPRegen 0.09/turn

%: no passive effects
@: slowed, very slow
A: sickness immunity, AC +4, negative energy resistance 1, electricity
resistance, torment resistance 1, petrification resistance
a: no special abilities


You were on level 3 of the Dungeon.
You visited 1 branch of the dungeon, and saw 3 of its levels.

You collected 118 gold pieces.


Innate Abilities, Weirdness & Mutations

You are immune to sickness and miasma.
Your stone body is resilient. (AC +4)
You are immune to poison.
You resist negative energy. (rN+)
You are resistant to electric shocks. (rElec)
You are resistant to unholy torment.
You are immune to petrification.


   Skills:
 + Level 3.3 Fighting
 - Level 5.0 Axes
 - Level 3.2 Armour
 - Level 3.2 Shields


You had 4 spell levels left.
You didn't know any spells.
Your spell library was empty.

Inventory:

Hand Weapons
 j - a +0 flail
 Y - a +2 war axe of electrocution (weapon)
Missiles
 f - a boomerang (quivered)
Armour
 b - a +0 scale mail (worn)
 c - a +0 buckler (worn)
 e - a +0 chain mail
Scrolls
 a - 3 scrolls of enchant armour {unknown}
 h - 3 scrolls of identify
Potions
 d - a potion of might
 g - 3 potions of curing
 i - a potion of brilliance {unknown}

Dungeon Overview and Level Annotations

Branches:
Dungeon (3/15)

Altars:


Message History

You closely miss Natasha. Natasha claws you but does no damage.
An orc comes into view. It is wielding a +0 hand axe.
You barely miss Natasha. You barely miss the orc.
The orc shouts!
Natasha claws you. The orc hits you but does no damage.
Natasha closely misses you. The orc hits you but does no damage.
You closely miss Natasha. You closely miss the orc. Natasha barely misses you.
The orc closely misses you.
An orc priest comes into view. It is wielding a +0 trident.
Natasha stares at you and mumbles some strange words.
The magic dart hits you. You block the orc's attack.
You closely miss Natasha. You completely miss the orc.
The orc priest shouts!
Natasha barely misses you. The orc hits you but does no damage.
You block Natasha's attack. The orc hits you with a +0 mace.
You slash Natasha!
Natasha is almost dead.
You closely miss the orc. You slash the orc!
You kill the orc!
Natasha barely misses you. The orc hits you but does no damage.
The orc priest miscasts a cantrip.
Natasha casts a spell at you.
The magic dart hits you but does no damage.
The orc hits you but does no damage. The orc hits you with a +0 hand axe.
You closely miss Natasha.
Natasha is almost dead.
You barely miss the orc. You hit the orc but do no damage.
Lightning courses through the orc!
You kill the orc!
Natasha claws you but does no damage. The orc hits you but does no damage.
You block Natasha's attack.
The orc priest calls down the wrath of Beogh upon you.
Beogh smites you! The orc hits you but does no damage.
You slash Natasha! Lightning courses through Natasha!!
You kill Natasha!
You feel Natasha's spirit has finally been put to rest.
You hit the orc.
The orc priest calls down the wrath of Beogh upon you.
Beogh smites you! The orc hits you with a +0 hand axe.
You die...

...... ..#........
...... ....#........
...... ....#........
.....%#####....#........
.....................###
###..)...............###
......o)................
.......)................
......o@................
.......%.!..............
####....................
#.....##.............
#...####....###....##
#.... ##....###....#
#.... #.......#....##
#.... #.......#....##
#.. #.......#....##


You could see an orc priest and an orc.

Vanquished Creatures
  An orc priest (D:3)
  Natasha (thrice) (D:3)
  2 adders
  4 worms
  2 dart slugs
  3 orcs (D:3)
  5 ball pythons
  5 endoplasms
  2 giant cockroaches
  5 goblins
  2 hobgoblins (D:1)
  6 kobolds
  5 quokkas
  3 frilled lizards
  6 rats
54 creatures vanquished.

Notes
Turn   | Place    | Note
-------+----------+-------------------------------------------
     0 | D:1      | qw the Gargoyle Fighter began the quest for the Orb.
     0 | D:1      | Reached XP level 1. HP: 14/14 MP: 1/1
     0 | D:1      | 0 ||| qw: Version: 0.3-a-7-ge0c9b40
     0 | D:1      | 0 ||| qw: Game counter: 915
     0 | D:1      | 0 ||| qw: Always use a shield: true
     0 | D:1      | 0 ||| qw: God list: Okawaru
     0 | D:1      | 0 ||| qw: Allow faded altars: false
     0 | D:1      | 0 ||| qw: Do Orc after D:15 true
     0 | D:1      | 0 ||| qw: Do second Lair branch before Depths: true
     0 | D:1      | 0 ||| qw: Lair rune preference: random
     0 | D:1      | 0 ||| qw: Plans: Normal, Zot:1-4, Slime:5, God:TSO, Crypt,
                  | Tomb, Abyss, Pan, Hells, Win
     0 | D:1      | 0 ||| PLANNING D:1-11
    52 | D:1      | Reached skill level 2 in Axes
   289 | D:1      | Reached XP level 2. HP: 19/19 MP: 2/2
   403 | D:1      | 403 ||| DROPPING +0 club.
   874 | D:1      | 874 ||| READING scroll labelled DOAMIQ QIXZEXT.
   875 | D:1      | 875 ||| READING scroll labelled YNI HYIQYVUMODACZY.
   919 | D:2      | 919 ||| Stepping ~*~*~tactically~*~*~ (stealth).
   920 | D:2      | 920 ||| Stepping ~*~*~tactically~*~*~ (stealth).
   928 | D:2      | Reached skill level 3 in Axes
   978 | D:2      | Reached XP level 3. HP: 17/23 MP: 3/3
  1056 | D:2      | Found a faded altar of an unknown god.
  1062 | D:2      | 1062 ||| DROPPING +0 whip.
  1260 | D:2      | 1260 ||| Stepping ~*~*~tactically~*~*~ (stealth).
  1264 | D:2      | 1264 ||| Stepping ~*~*~tactically~*~*~ (stealth).
  1352 | D:2      | 1352 ||| READING scroll of enchant weapon.
  1352 | D:2      | 1352 ||| ENCHANTING +1 war axe of electrocution.
  1382 | D:2      | 1382 ||| READING 2 scrolls labelled OFRYWAEZUGO.
  1383 | D:2      | 1383 ||| READING 3 scrolls labelled RUHUJ FO TIMAM.
  1384 | D:2      | 1384 ||| READING scroll labelled FEYTHR UBRUD.
  1385 | D:2      | 1385 ||| DRINKING 2 amethyst potions.
  1386 | D:2      | 1386 ||| READING 2 scrolls of identify.
  1386 | D:2      | 1386 ||| IDENTIFYING sapphire potion
  1387 | D:2      | 1387 ||| DROPPING potion of berserk rage.
  1388 | D:2      | 1388 ||| DROPPING scroll of fog.
  1405 | D:3      | Noticed Natasha
  1407 | D:3      | Reached XP level 4. HP: 28/28 MP: 4/4
  1408 | D:3      | Killed Natasha
  1409 | D:3      | Reached skill level 4 in Axes
  1519 | D:3      | Noticed Natasha
  1520 | D:3      | 1520 ||| Stepping ~*~*~tactically~*~*~ (stealth).
  1529 | D:3      | Killed Natasha
  1530 | D:3      | Reached XP level 5. HP: 16/32 MP: 5/5
  1589 | D:3      | 1589 ||| Stepping ~*~*~tactically~*~*~ (hiding).
  1675 | D:3      | Noticed Natasha
  1679 | D:3      | Reached skill level 5 in Axes
  1686 | D:3      | Killed Natasha
  1686 | D:3      | HP: 3/32 [orc priest/divine providence (10)]
  1686 | D:3      | Slain by an orc

Levels and vault maps discovered:
D:1:      amcnicky_arrival_double_pillar, layout_loops_corners
D:2:      layout_basic, ebering_ecumenical_altar_petrified,
          roderic_roman_lattice
D:3:      layout_basic, nicolae_ru_the_path_less_chosen, serial_bayou_pond_e,
          patterned_corridor, uniq_natasha

Skill      XL: |  1  2  3  4  5 |
---------------+----------------+-----
Axes           | 2 3 4 5 |  5.0
Fighting       | |  3.3
Armour         | |  3.2
Shields        | |  3.2

Action                     |  1- 3 |  4- 6 || total
---------------------------+-------+-------++-------
  Melee: War axe           |    66 |    22 ||    88
  Throw: Boomerang         |    31 |    22 ||    53
    Use: Scroll            |     7 |       ||     7
         Potion            |     1 |       ||     1
 Armour: Scale mail        |    15 |    15 ||    30
  Dodge: Dodged            |    29 |     5 ||    34
  Block: Buckler           |    10 |     4 ||    14

Table legend:
 A = Non-vault XP
 B = Vault XP
 C = Vault XP percentage of total XP
 D = Non-vault monster count
 E = Vault monster count
 F = Vault count percentage of total count
                 A         B        C        D         E       F
            +---------+---------+-------+---------+---------+-------
      Total |     237 |      33 |  12.2 |      53 |       1 |   1.9
            +---------+---------+-------+---------+---------+-------
        D:1 |      26 |       0 |   0.0 |      15 |       0 |   0.0
        D:2 |      48 |       0 |   0.0 |      19 |       0 |   0.0
        D:3 |     163 |      33 |  16.8 |      19 |       1 |   5.0
            +---------+---------+-------+---------+---------+-------
